Cogmind - Beta 11.1 --- EXPLORER MODE // 2022.10.21 @ 02:00:30 Player: darlorth Result: Self-destructed Performance ------------- Evolutions (3) 1500 Regions Visited (9) 1800 Robots Destroyed (75) 375 Value Destroyed (2872) 2872 Prototype IDs (1) 20 Alien Tech Used (0) 0 Bonus (1260) 1260 TOTAL SCORE: 7827 Bonus ------- High Alert Combat Kills 65 Follower Combat Kills 195 Entered Garrisons 200 Used RIF Installer 500 Aligned with FarCom 300 Cogmind --------- Core Integrity 638/700 Matter 300/300 Energy 46/100 System Corruption 0% Temperature Cool (95) Movement Rolling (175) Ox5 Location -7/Waste Parts ------- > --- POWER (1) -------- (None) > --- PROPULSION (2) --- Compact Wheel > --- UTILITY (9) ------ Huge Storage Unit Advanced Visual Processing Unit Improved Terrain Scanner Recoil Stabilizer Improved Power Shielding Utility Shielding > --- WEAPON (2) ------- (None) > --- INVENTORY (25) --- Compact Wheel Compact Wheel Cryofiber Web Coolant Injector High-capacity Battery (250) High-capacity Matter Pod (200) Recoil Stabilizer Matter Filter Improved Power Shielding Improved Weapon Shielding Hardened Light Armor Plating Improved Shield Generator EM Pulse Cannon EM Pulse Cannon EM Pulse Cannon Battle Cannon Assault Cannon Advanced Assault Cannon Advanced Assault Cannon Proton Missile Launcher Datajack Axe Peak State ------------ > --- POWER ------------ Nuclear Core > --- PROPULSION ------- Armored Treads Armored Treads > --- UTILITY ---------- Huge Storage Unit High-capacity Matter Pod Advanced Visual Processing Unit Improved Terrain Scanner Recoil Stabilizer Recoil Stabilizer Matter Filter Utility Shielding Long-range Tractor Beam > --- WEAPON ----------- Advanced Assault Cannon Advanced Assault Cannon > --- INVENTORY -------- Light Deuterium Engine Light Treads Light Treads Light Treads High-capacity Battery High-capacity Matter Pod Matter Filter Improved Power Shielding Improved Power Shielding Hardened Light Armor Plating Light EM Pulse Cannon EM Pulse Cannon EM Pulse Cannon EM Pulse Cannon Flak Gun Light Cannon Battle Cannon Assault Cannon Advanced Assault Cannon Advanced Assault Cannon Datajack [Rating: 44] Favorites ----------- Power Nuclear Core Engine Deuterium Engine Power Core Nuclear Core Propulsion Light Treads Treads Light Treads Wheel Compact Wheel Utility Large Storage Unit Device Matter Filter Storage Large Storage Unit Processor Terrain Scan Processor Hackware Relay Coupler [Sentry] Protection Utility Shielding Weapon Flak Gun Energy Gun Medium Laser Energy Cannon Beam Cannon Ballistic Gun Flak Gun Ballistic Cannon Advanced Assault Cannon Special Melee Weapon Datajack Build | -11 -10 -10 -10 -9 -8 -8 -8 -7 -7 ------- Run | Scr Mat Min Exi Min Mat Gar Mat Fac Was Slots Evolved 7 | . 1 . . . 4 . . 2 . Power . | . . . . . . . . . . Propulsion . | . . . . . . . . . . Utility 7 | . 1 . . . 4 . . 2 . Weapon . | . . . . . . . . . . Parts Attached 79 | 7 8 5 1 . 11 15 23 6 3 Power 6 | 1 1 1 . . . 1 . 1 1 Engine 4 | 1 1 1 . . . . . . 1 Core 2 | . . . . . . 1 . 1 . Reactor . | . . . . . . . . . . Propulsion 12 | 2 1 2 . . 1 . 2 2 2 Treads 8 | 2 1 2 . . 1 . 2 . . Leg . | . . . . . . . . . . Wheel 4 | . . . . . . . . 2 2 Hover . | . . . . . . . . . . Flight . | . . . . . . . . . . Utility 34 | 2 5 . 1 . 7 6 10 3 . Device 9 | . . . 1 . 2 . 4 2 . Storage 5 | 1 2 . . . . 1 1 . . Processor 5 | . 1 . . . 3 1 . . . Hackware 4 | . . . . . . 1 3 . . Protection 11 | 1 2 . . . 2 3 2 1 . Artifact . | . . . . . . . . . . Weapon 27 | 2 1 2 . . 3 8 11 . . Energy Gun 3 | 2 . 1 . . . . . . . Energy Cannon 1 | . 1 . . . . . . . . Ballistic Gun 7 | . . . . . 3 4 . . . Ballistic Cannon 12 | . . 1 . . . 4 7 . . Launcher . | . . . . . . . . . . Special Weapon . | . . . . . . . . . . Impact Weapon . | . . . . . . . . . . Slashing Weapon . | . . . . . . . . . . Piercing Weapon . | . . . . . . . . . . Special Melee Weapon 4 | . . . . . . . 4 . . Unidentified Prototypes 1 | . . . 1 . . . . . . Parts Lost 11 | . 1 4 . . . 1 . . 5 Power 2 | . . . . . . 1 . . 1 Propulsion 4 | . . 2 . . . . . . 2 Utility 3 | . 1 1 . . . . . . 1 Weapon 2 | . . 1 . . . . . . 1 Highest Loss Streak 5 | . 1 4 . . . 1 . . 5 To Critical Strikes . | . . . . . . . . . . Average Slot Usage (%) 96 | . 97 96 87 87 88 99 98 97 95 Engine 5 | . 12 12 12 12 8 3 . . . Core 3 | . . . . . . 4 8 7 6 Treads 16 | . 24 25 25 25 16 16 16 4 . Wheel 1 | . . . . . . . . 9 12 Device 7 | . . . . . 5 4 7 28 26 Storage 19 | . 20 25 25 25 16 18 20 14 14 Processor 9 | . . . . . 17 17 10 7 7 Hackware 4 | . . . . . . 4 13 . . Protection 8 | . 14 8 . . 6 11 3 12 14 Energy Gun 3 | . 21 11 . . . . . . . Energy Cannon 2 | . 3 12 12 12 2 . . . . Ballistic Gun 4 | . . . . . 10 14 3 . . Ballistic Cannon 5 | . . . 12 12 2 1 8 14 12 Naked Turns . | . . . . . . . . . . Heaviest Build 112 | 22 37 41 39 39 54 48 109 112 110 Greatest Support 40 | 40 40 40 40 40 40 40 40 40 32 Greatest Overweight (x) 7 | 7 1 1 . . 1 1 2 3 3 Average Overweight (x) 1 | 1 . . . . . . 1 2 3 Largest Inventory Capacity 25 | 10 15 15 15 15 15 15 25 25 25 Average Capacity 17 | 9 14 15 15 15 15 15 21 25 25 Most Carried 25 | 3 12 15 14 13 15 15 23 25 25 Average Carried 14 | . 3 13 13 13 14 14 16 23 24 Final Capacity 25 | 10 15 15 15 15 15 15 25 25 25 Final Carried 25 | 2 12 13 13 13 15 15 23 25 22 Class Distribution -------------------- 65% | Hacker-Mutant 15% | Hacker-Skirmisher 15% | Bothacker-Mutant Dominant Class ---------------- Hacker-Mutant | -10/Materials Hacker-Mutant | -10/Mines Hacker-Mutant | -10/Exiles Hacker-Mutant | -9/Mines Hacker-Mutant | -8/Materials Hacker-Mutant | -8/Garrison Bothacker-Mutant | -8/Materials Hacker-Skirmisher | -7/Factory Hacker-Skirmisher | -7/Waste Resources | -11 -10 -10 -10 -9 -8 -8 -8 -7 -7 ----------- Run | Scr Mat Min Exi Min Mat Gar Mat Fac Was Matter Collected 1954 | 213 119 62 . . 426 369 454 196 115 Remotely 451 | . . . . . . . 140 196 115 Salvage Created 2522 | . 348 137 . . 892 384 288 176 297 Parts 122 | . 23 4 . . 40 24 23 8 . Haulers Intercepted 5 | . 1 . . . 2 . 2 . . Recyclers Shooed 1 | . . . . . 1 . . . . Parts Field Recycled . | . . . . . . . . . . Retrieved Matter . | . . . . . . . . . . Parts Self-Destructed . | . . . . . . . . . . Prevented . | . . . . . . . . . . Kills | -11 -10 -10 -10 -9 -8 -8 -8 -7 -7 ------- Run | Scr Mat Min Exi Min Mat Gar Mat Fac Was Combat Hostiles Destroyed 59 | . 7 6 . . 16 15 9 5 1 Melee 6 | . 5 1 . . . . . . . Guns 30 | . 1 . . . 13 15 1 . . Cannons 21 | . . 5 . . 2 . 8 5 1 Classes Destroyed 15 | . 3 1 . . 6 3 . 1 1 Worker 2 | . . . . . 2 . . . . Builder 3 | . . . . . 2 . 1 . . Hauler 5 | . 1 . . . 2 . 2 . . Recycler 2 | . . . . . 1 . . 1 . Watcher 8 | . 3 . . . 3 . 2 . . Swarmer 14 | . . . . . . 7 5 2 . Grunt 23 | . 7 2 . . 7 4 3 . . Brawler 1 | . . . . . . 1 . . . Duelist 2 | . . . . . 1 1 . . . Sentry 11 | . . . . . 7 1 1 2 . Specialist 1 | . . . . . . 1 . . . Hunter 1 | . . . . . 1 . . . . Programmer 1 | . . . . . . . . 1 . Compactor 1 | . . . . . . . . . 1 Assembled 4 | . . 4 . . . . . . . Best Kill Streak 8 | . 3 3 . . 8 5 4 2 1 Combat Bots Only 6 | . 3 3 . . 6 5 4 2 1 Max Kills in Single Turn 2 | . 1 1 . . 1 2 2 1 1 Gunslinging 1 | . . . . . . 1 . . . Exploded . | . . . . . . . . . . Melee 1 | . 1 1 . . . . . . . Uniques/NPCs Destroyed . | . . . . . . . . . . Combat | -11 -10 -10 -10 -9 -8 -8 -8 -7 -7 -------- Run | Scr Mat Min Exi Min Mat Gar Mat Fac Was Damage Taken 2394 | . 514 490 . . 424 304 306 256 100 Core 381 | . 124 58 . . 85 28 24 19 43 Absorbed by Shields . | . . . . . . . . . . Redirected to Shielding 84 | . . . . . 2 52 5 25 . Core Remaining (%) 67 | 100 . . . 27 . . 75 . . Volleys Fired 168 | . 21 8 . . 51 30 25 21 12 Largest 2 | . 2 2 . . 2 2 2 2 2 Hottest 110 | . 100 110 . . 99 56 96 96 96 Shots Fired 318 | . 38 17 1 . 99 53 45 42 23 Gun 162 | . 36 9 . . 71 44 2 . . Cannon 156 | . 2 8 1 . 28 9 43 42 23 Launcher . | . . . . . . . . . . Special . | . . . . . . . . . . Kinetic 248 | . . . . . 85 53 45 42 23 Thermal 70 | . 38 17 1 . 14 . . . . Explosive . | . . . . . . . . . . Electromagnetic . | . . . . . . . . . . Robot Hit Streak 20 | . 12 15 . . 20 19 13 15 20 Robot Miss Streak 7 | . 1 1 . . 7 5 1 2 1 Penetration Max . | . . . . . . . . . . Secondary Targets 7 | . . . . . 2 5 . . . Max Gunslinging Chain 1 | . . . . . 1 1 . . . Shots Hit Robots 276 | . 34 15 . . 86 37 52 31 21 Core Hits 225 | . 14 13 . . 109 57 19 9 4 Critical Kills 1 | . . . . . 1 . . . . Critical Parts Destroyed . | . . . . . . . . . . Critical Strikes 11 | . 5 . . . 2 . 3 . 1 Burn 5 | . 5 . . . . . . . . Meltdown 1 | . . . . . 1 . . . . Blast 5 | . . . . . 1 . 3 . 1 Melee Attacks 18 | . . . . . . . 18 . . Impact . | . . . . . . . . . . Slashing . | . . . . . . . . . . Piercing . | . . . . . . . . . . Sneak Attacks 8 | . . . . . . . 8 . . Combat Hostiles . | . . . . . . . . . . Follow-up Attacks . | . . . . . . . . . . Damage Inflicted 5644 | . 468 231 . . 1898 769 867 808 603 Guns 2731 | . 415 89 . . 1419 769 39 . . Cannons 2830 | . 17 138 . . 436 . 828 808 603 Explosions 38 | . . . . . 38 . . . . Melee . | . . . . . . . . . . Ramming 45 | . 36 4 . . 5 . . . . Kinetic 4690 | . . . . . 1643 769 867 808 603 Thermal 871 | . 432 227 . . 212 . . . . Explosive 38 | . . . . . 38 . . . . Electromagnetic . | . . . . . . . . . . Impact . | . . . . . . . . . . Slashing . | . . . . . . . . . . Piercing . | . . . . . . . . . . Highest Corruption 1 | . 1 1 1 1 1 1 1 . . Average Corruption 1 | . 1 1 1 1 1 1 1 . . Corruption Purged . | . . . . . . . . . . Corruption Blocked . | . . . . . . . . . . Effects 44 | . 4 10 5 . 3 10 12 . . Message Errors 11 | . 3 4 . . . 2 2 . . Matter Fused 6 | . . 3 . . 1 . 2 . . Heat Flow Errors 11 | . . 1 3 . . 3 4 . . Energy Discharges 4 | . . . 1 . . 2 1 . . Parts Rejected 1 | . . . . . . 1 . . . Data Loss (minor) 2 | . . . . . . . 2 . . Misfires 8 | . 1 1 1 . 2 2 1 . . Alerts 1 | . . 1 . . . . . . . Overload Shots . | . . . . . . . . . . Overflow Damage 28 | . . . . . . . 5 23 . Projectiles 28 | . . . . . . . 5 23 . Explosions . | . . . . . . . . . . Melee . | . . . . . . . . . . Knockbacks 14 | . . . . . 2 . 8 4 . Impact . | . . . . . . . . . . Kinetic 14 | . . . . . 2 . 8 4 . Secondary . | . . . . . . . . . . Self-Inflicted Damage . | . . . . . . . . . . Shots . | . . . . . . . . . . Rammed 14 | . 9 4 . . 1 . . . . Targets Rammed 18 | . 13 4 . . 1 . . . . Kicked . | . . . . . . . . . . Crushed 4 | . 4 . . . . . . . . Highest Temperature 391 | . 391 244 253 . 99 118 168 144 210 Average Temperature 78 | . 141 101 97 . 28 51 54 60 114 Received Heat Transfer 1212 | . 501 24 . . 234 198 189 66 . Effects 7 | . 6 . . . . . . . 1 Shutdowns 1 | . 1 . . . . . . . . Energy Bleed 1 | . . . . . . . . . 1 Interference 5 | . 5 . . . . . . . . Siege Activations . | . . . . . . . . . . Robots Corrupted . | . . . . . . . . . . Combat Hostiles . | . . . . . . . . . . Parts Fried . | . . . . . . . . . . Impact Corruptions . | . . . . . . . . . . Robots Melted 2 | . 1 . . . 1 . . . . Combat Hostiles 2 | . 1 . . . 1 . . . . Parts Melted 4 | . 1 1 . . 2 . . . . Heat Transferred 2627 | . 1628 555 . . 444 . . . . Parts Sabotaged . | . . . . . . . . . . Parts Stolen . | . . . . . . . . . . Parts Stripped . | . . . . . . . . . . Power Chain Reactions . | . . . . . . . . . . Missiles Intercepted . | . . . . . . . . . . Alert | -11 -10 -10 -10 -9 -8 -8 -8 -7 -7 ------- Run | Scr Mat Min Exi Min Mat Gar Mat Fac Was Peak Influence 645 | . 212 50 . . 322 645 275 100 25 Initial 230 | . . 6 . . . 55 230 1 24 Average 126 | . 82 9 . . 100 398 84 23 23 Maximum Alert Level 2 | . 1 . . . 1 2 1 . . Low Security (%) 78 | 100 91 100 . 100 90 27 78 100 100 Level 1 10 | . 8 . . . 9 14 21 . . Level 2 11 | . . . . . . 58 . . . Level 3 . | . . . . . . . . . . Level 4 . | . . . . . . . . . . Level 5 . | . . . . . . . . . . High Security . | . . . . . . . . . . Max Security . | . . . . . . . . . . Squads Dispatched 9 | . . 1 . . 1 . 4 3 . Investigation 1 | . . 1 . . . . . . . Extermination 1 | . . . . . . . . 1 . Reinforcement 5 | . . . . . 1 . 2 2 . Assault . | . . . . . . . . . . Garrison 2 | . . . . . . . 2 . . Intercept . | . . . . . . . . . . Searches Triggered . | . . . . . . . . . . Construction Impeded 1 | . . . . . 1 . . . . Haulers Reinforced . | . . . . . . . . . . Active Scanning Responses . | . . . . . . . . . . Cargo Convoy Interrupts . | . . . . . . . . . . Stealth | -11 -10 -10 -10 -9 -8 -8 -8 -7 -7 --------- Run | Scr Mat Min Exi Min Mat Gar Mat Fac Was Distress Signals 8 | . . . . . 3 . 5 . . Communications Jammed . | . . . . . . . . . . Distress Signals . | . . . . . . . . . . Times Spotted 126 | . 18 21 . . 26 15 33 9 4 Peak Tracking Total 11 | . 6 11 . . 7 5 4 3 4 Tactical Retreats 9 | . 7 2 . . . . . . . Traps | -11 -10 -10 -10 -9 -8 -8 -8 -7 -7 ------- Run | Scr Mat Min Exi Min Mat Gar Mat Fac Was Traps Triggered 14 | . 2 . . . 3 8 . 1 . Indirectly . | . . . . . . . . . . Trap Hack Attempts . | . . . . . . . . . . Triggered . | . . . . . . . . . . Disarmed . | . . . . . . . . . . Reprogrammed . | . . . . . . . . . . Reused . | . . . . . . . . . . Traps Extracted . | . . . . . . . . . . Installed . | . . . . . . . . . . Triggered . | . . . . . . . . . . Machines | -11 -10 -10 -10 -9 -8 -8 -8 -7 -7 ---------- Run | Scr Mat Min Exi Min Mat Gar Mat Fac Was Machines Disabled 5 | . . . . . 2 3 . . . Max in Single Turn 1 | . . . . . 1 1 . . . Garrison Relay 3 | . . . . . . 3 . . . Machines Sabotaged . | . . . . . . . . . . Garrisons Compromised . | . . . . . . . . . . Overloaded Fab Kills . | . . . . . . . . . . Hacking | -11 -10 -10 -10 -9 -8 -8 -8 -7 -7 --------- Run | Scr Mat Min Exi Min Mat Gar Mat Fac Was Machines Accessed 4 | . 1 1 . . 1 . 1 . . Terminals 1 | . 1 . . . . . . . . Fabricators . | . . . . . . . . . . Repair Stations . | . . . . . . . . . . Recycling Units . | . . . . . . . . . . Scanalyzers 1 | . . . . . . . 1 . . Garrison Access 1 | . . . . . 1 . . . . Total Hacks 11 | . 5 1 . . 2 . 3 . . Successful 9 | . 3 1 . . 2 . 3 . . Failed 2 | . 2 . . . . . . . . Catastrophic . | . . . . . . . . . . Database Lockouts . | . . . . . . . . . . Manual 5 | . 4 . 1 . . . . . . Terminals 5 | . 5 . . . . . . . . Fabricators . | . . . . . . . . . . Repair Stations . | . . . . . . . . . . Recycling Units . | . . . . . . . . . . Scanalyzers 3 | . . . . . . . 3 . . Garrison Access 2 | . . . . . 2 . . . . Terminal Hacks 4 | . 3 1 . . . . . . . Part Schematic 2 | . 2 . . . . . . . . Open Door 1 | . . 1 . . . . . . . Locate Traps 1 | . 1 . . . . . . . . Fabricator Hacks . | . . . . . . . . . . Repair Station Hacks . | . . . . . . . . . . Recycling Unit Hacks . | . . . . . . . . . . Scanalyzer 3 | . . . . . . . 3 . . Insert Component 2 | . . . . . . . 2 . . Analyze 1 | . . . . . . . 1 . . Garrison Access Hacks 2 | . . . . . 2 . . . . Unlock Access 1 | . . . . . 1 . . . . Coupler Status 1 | . . . . . 1 . . . . Unauthorized Hacks . | . . . . . . . . . . Terminals . | . . . . . . . . . . Fabricators . | . . . . . . . . . . Repair Stations . | . . . . . . . . . . Recycling Units . | . . . . . . . . . . Scanalyzers . | . . . . . . . . . . Garrison Access . | . . . . . . . . . . Data Cores Recovered . | . . . . . . . . . . Used . | . . . . . . . . . . Hacking Detections 1 | . 1 . . . . . . . . Full Trace Events . | . . . . . . . . . . Feedback Events . | . . . . . . . . . . Feedback Blocked . | . . . . . . . . . . Robot Schematics Acquired . | . . . . . . . . . . Robots Built . | . . . . . . . . . . Authchips . | . . . . . . . . . . Time . | . . . . . . . . . . Total Robot Build Rating . | . . . . . . . . . . Part Schematics Acquired 3 | . 2 . . . . . 1 . . Parts Built . | . . . . . . . . . . Authchips . | . . . . . . . . . . Time . | . . . . . . . . . . Total Part Build Rating . | . . . . . . . . . . Parts Repaired . | . . . . . . . . . . Time . | . . . . . . . . . . Parts Recycled . | . . . . . . . . . . Recycled Matter . | . . . . . . . . . . Retrieved Matter . | . . . . . . . . . . Retrieved Components . | . . . . . . . . . . Parts Scanalyzed 1 | . . . . . . . 1 . . Part Schematics Acquired 1 | . . . . . . . 1 . . Parts Damaged . | . . . . . . . . . . Bothacking | -11 -10 -10 -10 -9 -8 -8 -8 -7 -7 ------------ Run | Scr Mat Min Exi Min Mat Gar Mat Fac Was Used RIF Installer 1 | . . . . . . 1 . . . Robots Hacked 11 | . . . . . . . 11 . . Non-combat 3 | . . . . . . . 3 . . Combat 8 | . . . . . . . 8 . . Robot Hacks Applied 15 | . . . . . . . 15 . . no_distress 1 | . . . . . . . 1 . . generate_anomaly 1 | . . . . . . . 1 . . purge_threat 1 | . . . . . . . 1 . . locate_traps 1 | . . . . . . . 1 . . disarm_traps 1 | . . . . . . . 1 . . map_route 1 | . . . . . . . 1 . . link_fov 1 | . . . . . . . 1 . . overwrite_iff 1 | . . . . . . . 1 . . streamctrl_high 1 | . . . . . . . 1 . . formatsys_high 6 | . . . . . . . 6 . . Relay Couplers Released 11 | . . . . . . 11 . . . Machine Destruction 11 | . . . . . . 11 . . . Attached 4 | . . . . . . 1 3 . . Fabnet Peak Effective % . | . . . . . . . . . . Robots Rewired . | . . . . . . . . . . Allies Hacked . | . . . . . . . . . . Hacks Repelled . | . . . . . . . . . . Allies | -11 -10 -10 -10 -9 -8 -8 -8 -7 -7 -------- Run | Scr Mat Min Exi Min Mat Gar Mat Fac Was Total Allies 8 | . . . . . . . 8 . . Largest Group 4 | . . . . . . . 4 . . Highest-Rated Group 60 | . . . . . . . 60 . . Highest-Rated Ally 29 | . . . . . . . 29 . . Total Orders 6 | . . . . . . . 6 . . STAY 4 | . . . . . . . 4 . . FOLLOW 2 | . . . . . . . 2 . . Ally Attacks 47 | . . . . . . . 47 . . Total Damage 813 | . . . . . . . 813 . . Kills 10 | . . . . . . . 10 . . Allies Corrupted . | . . . . . . . . . . Allies Melted . | . . . . . . . . . . Intel | -11 -10 -10 -10 -9 -8 -8 -8 -7 -7 ------- Run | Scr Mat Min Exi Min Mat Gar Mat Fac Was Robot Analysis Total . | . . . . . . . . . . Derelict Logs Recovered . | . . . . . . . . . . Drone Launches . | . . . . . . . . . . Drone Recoveries . | . . . . . . . . . . Exploration | -11 -10 -10 -10 -9 -8 -8 -8 -7 -7 ------------- Run | Scr Mat Min Exi Min Mat Gar Mat Fac Was Turns Passed 8232 | 97 1010 949 368 50 1114 1495 2063 992 94 Spaces Moved 3421 | 45 547 445 222 31 410 551 639 493 38 Core 19 | 19 . . . . . . . . . Treads 2959 | 26 547 445 222 31 410 551 639 88 . Legs . | . . . . . . . . . . Wheels 443 | . . . . . . . . 405 38 Hover . | . . . . . . . . . . Flight . | . . . . . . . . . . Fastest Speed 50 | 50 160 160 165 165 165 165 165 145 145 Average Speed 212 | 182 161 202 165 165 226 244 280 178 145 Slowest Speed 400 | 400 240 240 165 165 245 245 330 330 145 Overloaded Moves . | . . . . . . . . . . Propulsion Burnouts . | . . . . . . . . . . Robots Hopped . | . . . . . . . . . . Cave-ins Triggered . | . . . . . . . . . . Exploration Rate (%) 43 | 4 83 83 59 9 39 52 56 11 34 Regions Visited 9 Branch Regions 3 Pre-discovered Areas 1 | . . 1 . . . . . . . Known Exits Taken 7 | 1 1 1 1 1 1 . 1 . . Unknown Exits Taken . | . . . . . . . . . . Scrap Searched 1 | . . 1 . . . . . . . Spaces Dug . | . . . . . . . . . . Terrain Destroyed 15 | . . . . . 3 . 5 6 1 Melee . | . . . . . . . . . . Projectile 12 | . . . . . . . 5 6 1 AOE 3 | . . . . . 3 . . . . Terrain Rammed . | . . . . . . . . . . Walls Destroyed . | . . . . . . . . . . Machines Disabled . | . . . . . . . . . . Actions | -11 -10 -10 -10 -9 -8 -8 -8 -7 -7 --------- Run | Scr Mat Min Exi Min Mat Gar Mat Fac Was Total 4039 | 60 631 470 224 30 497 644 858 572 53 Wait 199 | . 20 4 . . 2 24 121 28 . Move 3414 | 44 546 444 221 30 410 550 638 493 38 Hop . | . . . . . . . . . . Pick Up 87 | 9 19 4 1 . 14 6 21 13 . Fast Attach 5 | . . . . . 1 2 2 . . Attach 35 | 7 7 3 1 . 5 2 2 5 3 Detach 1 | . . . . . . . . 1 . Swap 39 | . 1 2 . . 5 11 19 1 . Drop 41 | . 4 1 1 . 8 5 12 10 . Fire 168 | . 21 8 . . 51 30 25 21 12 Melee 18 | . . . . . . . 18 . . Ram . | . . . . . . . . . . Kick . | . . . . . . . . . . Crush 18 | . 13 4 . . 1 . . . . Escape Stasis 14 | . . . . . . 14 . . . Rewire . | . . . . . . . . . . Trap . | . . . . . . . . . . Miscellaneous . | . . . . . . . . . . Route ------- -11/Scrapyard -10/Materials (discovered 3 exits: *Mat / *Min x2) -10/Mines (discovered 3 exits: *Mat x2 / *Exi) -10/Exiles -9/Mines -8/Materials (discovered 2 exits: *Fac / Gar) -8/Garrison (discovered 2 exits: *Mat x2) -8/Materials (discovered 3 exits: *Fac x3) -7/Factory -7/Waste History --------- Turn | Location | Event 3 | -11/Scrapyard | Identified exit to Materials 3 | -11/Scrapyard | Discovered exit to Materials (range 16) 98 | -11/Scrapyard | Entered Materials 98 | -10/Materials | Evolved 1 slot: Utility x1 315 | -10/Materials | Build established: Hacker-Mutant 526 | -10/Materials | Identified exit to Mines 526 | -10/Materials | Discovered exit to Mines (range 16) 640 | -10/Materials | Discovered exit to Mines (range 11) 883 | -10/Materials | Identified exit to Materials 883 | -10/Materials | Discovered exit to Materials (range 16) 1108 | -10/Materials | Entered Mines 1111 | -10/Mines | Met a Derelict bent on vengeance 1212 | -10/Mines | Met a Derelict shopkeep closing up shop 1250 | -10/Mines | Discovered exit to Materials (range 13) 1286 | -10/Mines | Found a hidden stash of uninstalled traps 1311 | -10/Mines | Learned location of Storage (-9) 1711 | -10/Mines | Discovered exit to Materials (range 10) 1716 | -10/Mines | Core integrity fell below 50% 1777 | -10/Mines | Assembled infested the area 1782 | -10/Mines | Assisted by a Guerilla fighting off Assembled 1849 | -10/Mines | Lost 4 parts (2n1u1w) 2031 | -10/Mines | A weapon hastily lodged in a ceiling crevice suddenly fell to the ground 2050 | -10/Mines | Deemed a non-threat by the Exiles lab entrance 2050 | -10/Mines | Identified exit to Exiles 2050 | -10/Mines | Discovered exit to Exiles (range 5) 2057 | -10/Mines | Entered Exiles 2099 | -10/Exiles | Met 8R-AWN 2125 | -10/Exiles | Met EX-HEX 2175 | -10/Exiles | Met EX-BIN 2198 | -10/Exiles | Aligned with FarCom system 2199 | -10/Exiles | Given EX-Vault access code 2239 | -10/Exiles | Opened EX-Vault 2255 | -10/Exiles | Found Prototype Device 2256 | -10/Exiles | Identified Chronowheel 2256 | -10/Exiles | Activated Chronowheel 2301 | -10/Exiles | Warned to stay clear of 0b10 Research branches 2345 | -10/Exiles | Met EX-DEC 2405 | -10/Exiles | Identified exit to Mines 2405 | -10/Exiles | Discovered exit to Mines (range 10) 2425 | -10/Exiles | Entered Mines 2467 | -9/Mines | Identified exit to Materials 2467 | -9/Mines | Discovered exit to Materials (range 5) 2475 | -9/Mines | Entered Materials 2475 | -8/Materials | Evolved 4 slots: Utility x4 3310 | -8/Materials | Identified exit to Factory 3310 | -8/Materials | Discovered exit to Factory (range 15) 3589 | -8/Materials | Identified exit to Garrison 3589 | -8/Materials | Entered Garrison 3668 | -8/Garrison | Triggered checkpoint 3713 | -8/Garrison | Garrison Relay disabled 3910 | -8/Garrison | Triggered checkpoint 4024 | -8/Garrison | Identified exit to Materials 4024 | -8/Garrison | Discovered exit to Materials (range 10) 4063 | -8/Garrison | Installed Relay Interface Framework 4130 | -8/Garrison | Triggered checkpoint 4194 | -8/Garrison | Garrison Relay disabled 4372 | -8/Garrison | Triggered checkpoint 4738 | -8/Garrison | Triggered checkpoint 4753 | -8/Garrison | Garrison Relay disabled 4867 | -8/Garrison | Discovered exit to Materials (range 12) 5067 | -8/Garrison | Build established: Bothacker-Mutant 5084 | -8/Garrison | Entered Materials 5670 | -8/Materials | Discovered exit to Factory (range 8) 6077 | -8/Materials | Discovered exit to Factory (range 16) 6551 | -8/Materials | Build established: Hacker-Mutant 6982 | -8/Materials | Garrison activated, responded to threat 7072 | -8/Materials | Discovered exit to Factory (range 17) 7147 | -8/Materials | Entered Factory 7147 | -7/Factory | Evolved 2 slots: Utility x2 7435 | -7/Factory | Build established: Hacker-Skirmisher 7667 | -7/Factory | Identified exit to Factory 7667 | -7/Factory | Discovered exit to Factory (range 18) 8139 | -7/Factory | Sucked down chute 8139 | -7/Factory | Entered Waste 8192 | -7/Waste | Spotted C-40 Crusher 8205 | -7/Waste | Destroyed C-40 Crusher 8208 | -7/Waste | Spotted C-40 Crusher 8208 | -7/Waste | Spotted C-40 Crusher 8208 | -7/Waste | Spotted C-40 Crusher 8226 | -7/Waste | Crushed by Compactor (1 part destroyed, 2 dropped) 8229 | -7/Waste | Crushed by Compactor (1 part destroyed, 2 dropped) 8232 | -7/Waste | Crushed by Compactor (1 part destroyed, 1 dropped) 8233 | -7/Waste | Self-destructed Last Messages --------------- 08214_ Acquired 3 matter. 08217_ Acquired 1 matter. 08217_ Acquired 6 matter. 08217_ Acquired 1 matter. 08220_ Acquired 6 matter. 08220_ Acquired 2 matter. 08223_ Acquired 6 matter. 08223_ Acquired 2 matter. 08226_ Acquired 1 matter. 08226_ Matter Filter crushed. 08226_ Lrn. Tractor Beam crushed. 08226_ Adv. Assault Cannon crushed. 08228_ Overheating: Energy bleed (-38). 08229_ Adv. Assault Cannon crushed. 08229_ Com. Wheel crushed. 08229_ Lgt. Nuclear Core crushed. 08229_ Com. Wheel destroyed. 08232_ Lgt. Deuterium Engine crushed. 08232_ Hcp. Matter Pod crushed. 08232_ Com. Wheel destroyed. Map ----- +----------------------------------------------------+ | ?????????????????????????????????????????????????? | | ?????????????????????????????????????????????????? | | ?????????????????????????????????????????????????? | | ?????????????????????????????????????????????????? | | ?????????????????????????????????????????????????? | | ?????????????????????????????????????????????????? | | ?????????????????????????????????????????????????? | | ?????????????????????????????????????????????????? | | ?????????????????????????????????????????????????? | | ?????????????????????????????????????????????????? | | ?????????????????????##########??????????????????? | | ?????????????????????? #??????????????????? | | ?????????????????????? ##?????????????????? | | ??????????????????#??? #??????????????????? | | ?????????????????????? #??????????????????? | | ?????????????????#????? ##?????????????????? | | ????????????????????#?? ???????????????????? | | ??????????????????????? ???????????????????? | | ??????????????????????? =????????????????????? | | ???????????????????????# #????????????????????? | | ???????????????????????# #?????#??????????????? | | ???????????????????????# #?#?#???????#????????? | | ??????????????#????????# #????#???? #????????? | | ?????????????????????###% ######## ###??????? | | ??????????????????#??# ] C????? | | ????????????????????## *@CC CCCC C????? | | ????????????????????## =CC CCCC ????? | | ?????????????????????# = ????? | | ?????????????????????### ######## ###??????? | | ?????????????#?????????# ##?#?#??????#????????? | | ?????????????#?????????# ##?????#?????????????? | | ????????????#??#???????# #????????????????????? | | ?????????????????#???### #????????????????????? | | ?????????????#?????#?# #?????#??????????????? | | ????????????????#????# #????????? ??????????? | | ?????????????????????# #??????? ????????????? | | ??????????#??????????# #?????#??????????????? | | ???????????????##????### #????????????????????? | | ?????????############?## #????????????????????? | | ?????????# #?## #?#??#???????????????? | | ?????????# #??# #???????????#????????? | | ?????????# ####= ######## #????????? | | ?????????# % #????????? | | ?????????# #????????? | | ?????????# #????????? | | ?????????# #????????? | | ????????## #### ######## #????????? | | ?????????# #??# #???????? #????????? | | ?????????# #??# #???????????#????????? | | ?????????############??# #????????????????????? | +----------------------------------------------------+ Best States ------------- Heat Dissipation 34 Energy Generation 14 Energy Capacity 525 Matter Stores 500 Matter Capacity 500 Sight Range 20 Terrain Scan Range 16 Terrain Scan Density 160 Armor Coverage 300 Resistance: KI 55 Resistance: TH 35 Resistance: EX 35 Resistance: EM 35 Resistance: I 35 Resistance: S 35 Resistance: P 35 Power Shielding 66 Propulsion Shielding 66 Utility Shielding 33 Evasion (%) 40 Recoil Reduction 6 Matter Filtering 30 Offensive Hacking 20 Relay Coupler Types 3 Relay Coupler Value 69 Item Schematics ----------------- Huge Storage Unit | -10/Materials | Hacked Flight Unit | -10/Materials | Hacked Utility Shielding | -8/Materials | Scanalyzed Robot Schematics ------------------ None Fabricated ------------ Nothing Alien Tech Used ----------------- None Achievements -------------- None Challenges ------------ None Game ------ Seed DroneEnergyCompactor Manual? 0 Play Time 00:54:19 Cumulative 259.1 hours Start 2022.10.14 @ 19:50:37 End 2022.10.21 @ 02:00:30 Sessions 5 Manual Loads 0 Difficulty Explorer Special Mode None Game No. 268 Rogue 119 Adventurer 81 Explorer 68 Win Type - Total 13 Types 11/0/2/0/0/0/0/0/0 Lore% 43 Gallery% 73 Achievement% 60 Wizard Run 0 Options --------- ASCII 0 Keyboard 0 Movement Mouse Keybinds 0 Fullscreen 1 Font 12/Tallcaps Map View 83x54 Tactical HUD 1 Map Filters NONE Filters NONE Steam 1 RUN: 145bf4fe-c2ba-4fde-8b87-136fa5878742